 Dungeon Crawl Stone Soup version 0.29-a0-757-g358383bc75 (webtiles) character file.

Game seed: 2722246454306949637

7 zeratav the Ruffian (level 1, -3/22 HPs)
             Began as a Troll Fighter on July 1, 2022.
             Slain by a kobold
             ... wielding a +0 club
              (4 damage)
             ... on level 1 of the Dungeon.
             The game lasted 00:00:23 (267 turns).

zeratav the Ruffian (Troll Fighter)                  Turns: 267, Time: 00:00:24

Health: -3/22      AC:  4    Str: 23    XL:     1   Next: 91%
Magic:  0/0        EV:  8    Int:  4    God:
Gold:   53         SH:  7    Dex:  9    Spells: 0/0 levels left

rFire   . . .      SeeInvis .     - Unarmed
rCold   . . .      Faith    .   b - +0 kite shield
rNeg    . . .      Spirit   .   a - +0 robe
rPois   .          Reflect  .   (helmet restricted)
rElec   .          Harm     .   (no cloak)
rCorr   .          Rampage  .   (gloves unavailable)
Will    .....                   (boots unavailable)
Stlth   +.........              (no amulet)
HPRegen 0.87/turn               (no ring)
MPRegen 0.07/turn               (no ring)

@: lethally poisoned (-3 -> -14)
A: large, unfitting armour, claws 3, regeneration 1, shaggy fur 1, tough skin 1
a: no special abilities


You were on level 1 of the Dungeon.
You visited 1 branch of the dungeon, and saw 1 of its levels.

You collected 53 gold pieces.


Innate Abilities, Weirdness & Mutations

You are too large for most types of armour.
You have claws for hands.
Your natural rate of healing is unusually fast.
You are covered in fur. (AC +1)
You have tough skin. (AC +1)


   Skills:
 - Level 2.4 Fighting
 - Level 2.4 Dodging
 - Level 2.6 Shields
 + Level 2.7 Unarmed Combat


You couldn't memorise any spells.
You didn't know any spells.
Your spell library was empty.

Inventory:

Hand Weapons
 f - a +0 dagger {short}
   (You took it off a kobold on level 1 of the Dungeon)
 g - a +0 whip {mace}
   (You took it off a kobold on level 1 of the Dungeon)
 j - a +0 hand axe {axe}
   (You found it on level 1 of the Dungeon)
Armour
 a - a +0 robe (worn)
 b - a +0 kite shield (worn)
 h - a +1 robe of the Archmagi
   (You found it on level 1 of the Dungeon)
Jewellery
 k - a ring of positive energy
   (You found it on level 1 of the Dungeon)
Scrolls
 d - a scroll of teleportation {unknown}
 i - a scroll of identify {unknown}
Potions
 c - a potion of might
 e - a potion of curing {unknown}

Dungeon Overview and Level Annotations

Branches:
Dungeon (1/15) Zot: 5730

Altars:

.....#.........#..#.
.....#...........#...
....#####.....#####..
.........#...#.......
## ......#.#........
...#
###....#....####.
.....######.......##
#.
..........##...#.##
#. ......K@..####.#.#
#. .......K..# #.#.#
#. .....#....####...#
#. .... #...........#
#. ### ##.#######.>#
#.# #### #.# ..# ##


You could see 2 kobolds.


Message History

HP[+1]
Your hp is fully restored (22).
The bat hits you but does no damage.
You claw the bat!
You kill the bat!
No target in view!
No target in view!
No target in view!
No target in view!
No target in view!
No target in view!
No target in view!
No target in view!
No target in view!
No target in view!
No target in view!
No target in view!
No target in view!
No target in view!
No target in view!
No target in view!
No target in view!
You see here a bat corpse.
You open the door.
There is an open door here.
There is an open door here.
Found a faded altar of an unknown god.
An endoplasm comes into view.
The endoplasm quivers.
An endoplasm is nearby!
An endoplasm is nearby!
The endoplasm barely misses you.
You claw the endoplasm!
You kill the endoplasm!
No target in view!
No target in view!
No target in view!
No target in view!
No target in view!
No target in view!
No target in view!
No target in view!
No target in view!
No target in view!
No target in view!
No target in view!
No target in view!
No target in view!
i - a scroll labelled UCICKU QIKOE
j - a +0 hand axe {axe}
Found a stone staircase leading down.
k - a ring of positive energy A kobold comes into view.
It is wielding a +1 dagger of venom.
A kobold is nearby!
A kobold is nearby!
A kobold is nearby!
A frilled lizard comes into view.
The frilled lizard hisses angrily.
The kobold shouts!
The frilled lizard moves out of view.
You closely miss the kobold. The kobold closely misses you.
You miss the frilled lizard. The kobold closely misses you.
The frilled lizard barely misses you.
A kobold comes into view. It is wielding a +0 club.
The kobold shouts!
You scratch the frilled lizard.
You kill the frilled lizard!
The kobold hits you with a +1 dagger of venom.
You are poisoned.
The kobold hits you with a +1 dagger of venom.
You barely miss the kobold.
You feel sick.
The kobold hits you with a +1 dagger of venom.
You are more poisoned.
HP[-5]
You take 5 damage, and now have 17/22 hp.
MASSIVE DAMAGE!! (PAUSE)
You scratch the kobold but do no damage.
You feel very sick.
The kobold hits you with a +1 dagger of venom.
HP[-4]
You take 4 damage, and now have 13/22 hp.
You closely miss the kobold.
You feel very sick.
The kobold hits you with a +1 dagger of venom.
* * * LOW HITPOINT WARNING * * *
You are lethally poisoned!
HP[-5]
You take 5 damage, and now have 8/22 hp.
MASSIVE DAMAGE!! (PAUSE)
You scratch the kobold.
* * * LOW HITPOINT WARNING * * *
You feel very sick. The kobold hits you but does no damage.
You are more poisoned.
HP[-3]
You take 3 damage, and now have 5/22 hp.
You barely miss the kobold.
* * * LOW HITPOINT WARNING * * *
You feel very sick. You block the kobold's attack.
The kobold hits you with a +0 club.
You die...

Action                   || total
-------------------------++-------
Melee: Unarmed           ||    18
Armor: Robe              ||     4
Dodge: Dodged            ||     9
Block: Kite shield       ||     2

Levels and vault maps discovered:
D:1:      scummos_arrival_star, layout_basic,
          shapermc_ecumenical_altar_totnotflames

Notes
Turn   | Place    | Note
-------+----------+-------------------------------------------
     0 | D:1      | zeratav the Troll Fighter began the quest for the Orb.
     0 | D:1      | Reached XP level 1. HP: 22/22 MP: 0/0
     0 | D:1      | magus.rc [v1.9.6]
   146 | D:1      | Identified a +1 robe of the Archmagi
   193 | D:1      | Found a faded altar of an unknown god.
   266 | D:1      | HP: 5/22 [poisoned by a kobold]
   267 | D:1      | HP: 1/22 [poisoned by a kobold]
   267 | D:1      | Slain by a kobold

Vanquished Creatures
  An endoplasm (D:1)
  A hobgoblin (D:1)
  A quokka (D:1)
  A bat (D:1)
  A frilled lizard (D:1)
  2 kobolds (D:1)
7 creatures vanquished.

Table legend:
 A = Non-vault XP
 B = Vault XP
 C = Vault XP percentage of total XP
 D = Non-vault monster count
 E = Vault monster count
 F = Vault count percentage of total count
                 A         B        C        D         E       F
            +---------+---------+-------+---------+---------+-------
      Total |      11 |       0 |   0.0 |       7 |       0 |   0.0
            +---------+---------+-------+---------+---------+-------
        D:1 |      11 |       0 |   0.0 |       7 |       0 |   0.0
            +---------+---------+-------+---------+---------+-------

Illustrated notes

Table legend:
 A = Kills in this place as a percentage of kills in entire the game.
 B = Kills by you in this place as a percentage of kills by you in the entire game.
 C = Kills by friends in this place as a percentage of kills by friends in the entire game.
 D = Other kills in this place as a percentage of other kills in the entire game.
 E = Experience gained in this place as a percentage of experience gained in the entire game.
 F = Experience gained in this place divided by the number of levels of this place that you have seen.
                   A       B       C       D       E      F
               +-------+-------+-------+-------+-------+----------------------
         Total | 100.0 | 100.0 |   N/A |   N/A | 100.0 |  11.0
       Dungeon | 100.0 | 100.0 |   N/A |   N/A | 100.0 |  11.0
               +-------+-------+-------+-------+-------+----------------------

Table legend: (Time is in decaauts)
 A = Elapsed time spent in this place.
 B = Non-inter-level travel time spent in this place.
 C = Inter-level travel time spent in this place.
 D = Time resting spent in this place.
 E = Time spent auto-exploring this place.
 F = Levels seen in this place.
 G = Mean time per level.
                   A        B        C        D        E       F      G
               +--------+--------+--------+--------+--------+-----+--------+
         Total |    268 |    268 |      0 |      0 |    212 |   1 |  268.0 |
       Dungeon |    268 |    268 |      0 |      0 |    212 |   1 |  268.0 |
               +--------+--------+--------+--------+--------+-----+--------+

Top non-repeatable levels by time:
     D:1: 268 daAuts
